 Dungeon Crawl Stone Soup version 0.25.1-2-g60ff931df9 (webtiles) character file.

Game seed: 2334630074149872842

18851 DearestLeader the Devastator (level 12, -2/81 HPs)
             Began as a White Draconian Conjurer on Sept 28, 2020.
             Was a High Priest of Vehumet.
             Slain by a komodo dragon (22 damage)
             ... on level 4 of the Lair of Beasts on Sept 29, 2020.
             The game lasted 00:50:00 (17827 turns).

DearestLeader the Devastator (DrCj)                Turns: 17827, Time: 00:50:01

Health: -2/81      AC: 12    Str: 12    XL:     12   Next: 31%
Magic:  31/40      EV: 15    Int: 19    God:    Vehumet [*****.]
Gold:   897        SH:  0    Dex: 12    Spells: 0/25 levels left

rFire    . . .     SeeInvis .   Q - staff of wizardry
rCold    + . .     Gourm    .   (no shield)
rNeg     . . .     Faith    .   (armour unavailable)
rPois    +         Spirit   .   (helmet restricted)
rElec    .         Reflect  .   p - +0 cloak {rPois}
rCorr    .         Harm     .   E - +1 pair of gloves
MR       .....                  i - +0 pair of boots
Stlth    ++........             (no amulet)
HPRegen  0.23/turn              f - ring of magical power
MPRegen  0.27/turn              k - ring of magical power

@: lethally poisoned (-2 -> -6)
A: breathe frost, unfitting armour, cold resistance 1, cold-blooded, AC +8
a: Breathe Frost, Renounce Religion


You were on level 4 of the Lair of Beasts.
You worshipped Vehumet.
Vehumet was extremely pleased with you.
You were not hungry.

You visited 2 branches of the dungeon, and saw 15 of its levels.

You collected 897 gold pieces.

Inventory:

Hand Weapons
 q - a +3 quarterstaff of chaos
Armour
 g - a +0 buckler
 i - a +0 pair of boots (worn)
 p - a +0 cloak of poison resistance (worn)
 E - a +1 pair of gloves (worn)
 O - a +0 troll leather armour
Magical Staves
 Q - an uncursed staff of wizardry (weapon)
Jewellery
 f - a ring of magical power (left hand)
 k - a ring of magical power (right hand)
 l - a +4 ring of protection
 v - an uncursed amulet of reflection {unknown}
 B - a +6 ring of dexterity
 F - an uncursed ring of resist corrosion
 J - an uncursed ring of protection from cold
 R - an uncursed ring of poison resistance {unknown}
Wands
 d - a wand of paralysis (7)
 e - a wand of digging (7)
 j - a wand of flame (19)
 x - a wand of random effects (28)
 G - a wand of polymorph (6)
 H - a wand of iceblast (23)
 T - a wand of clouds (7)
Scrolls
 a - 6 scrolls of magic mapping
 h - 5 scrolls of remove curse
 m - a scroll of identify
 o - 6 scrolls of amnesia
 s - 4 scrolls of immolation
 w - 5 scrolls of enchant weapon
 y - 2 scrolls of fear {unknown}
 z - 2 scrolls of fog {unknown}
 C - a scroll of noise {unknown}
 I - a scroll of blinking {unknown}
 N - a scroll of teleportation
Potions
 c - 2 potions of heal wounds
 n - 2 potions of lignification
 r - a potion of flight {unknown}
 t - 2 potions of degeneration {unknown}
 u - 3 potions of haste
 A - 3 potions of stabbing
 D - 2 potions of might {unknown}
 K - a potion of magic {unknown}
 L - a potion of curing {unknown}
 M - 2 potions of ambrosia {unknown}
 P - 2 potions of cancellation {unknown}
Comestibles
 b - 34 rations
 S - 12 chunks of flesh


   Skills:
 + Level 6.7 Dodging
 - Level 1.7 Stealth
 + Level 7.2 Spellcasting
 * Level 15.1 Conjurations
 - Level 3.0 Hexes
 - Level 2.0 Fire Magic
 * Level 2.5 Ice Magic
 - Level 7.3 Poison Magic


You couldn't memorise any spells.
You knew the following spells:

 Your Spells              Type           Power        Failure   Level  Hunger
a - Magic Dart            Conj           ####         0%          1    None
b - Searing Ray           Conj           ######       1%          2    None
c - Fulminant Prism       Conj/Hex       #####.....   1%          4    ###....
d - Mephitic Cloud        Conj/Pois/Air  #####...     1%          3    #......
e - Olgreb's Toxic Radia  Pois           ####....     1%          4    ###....
f - Fireball              Conj/Fire      #####.....   1%          5    #####..
g - Freezing Cloud        Conj/Ice/Air   ####......   14%         6    ######.

Your spell library contained the following spells:

 Spells                   Type           Power        Failure   Level  Hunger
 Hailstorm                Conj/Ice       #####...     1%          4    ###....
 Sting                    Tmut/Pois      ###.         1%          1    None
 Poisonous Vapours        Pois/Air       ###...       1%          2    None
 Conjure Flame            Conj/Fire      #####...     1%          3    #......
 Dazzling Flash           Conj/Hex       #####.       1%          3    #......
 Ignite Poison            Fire/Tmut/Pois ###.....     1%          3    #......
 Iskenderun's Mystic Bla  Conj/Tloc      #####...     1%          4    ###....
 Iskenderun's Battlesphe  Conj/Chrm      #####...     1%          5    #####..
 Orb of Destruction       Conj           ######....   2%          7    #######
 Bolt of Magma            Conj/Fire/Erth ####......   3%          5    #####..
 Iron Shot                Conj/Erth      #####.....   8%          6    ######.
 Spellforged Servitor     Conj/Summ      #####.....   34%         7    #######
 Ring of Flames           Chrm/Fire      ##........   100%        7    #######


Dungeon Overview and Level Annotations

Branches:
Dungeon (11/15)            Temple (0/1) D:6            Lair (4/6) D:10
  Swamp (0/4) Lair:3       Spider (0/4) Lair:2          Orc (0/2) D:9

Altars:
Cheibriados
Elyvilon
Gozag
Okawaru
Ru
Sif Muna
Trog
Vehumet
Wu Jian
Yredelemnul

Shops:
D:4 [   D:7 (


Innate Abilities, Weirdness & Mutations

You can breathe waves of freezing cold.
You can buffet flying creatures when you breathe cold.
Your icy white scales are hard. (AC +8)
You cannot fit into any form of body armour.
Your flesh is cold resistant. (rC+)
You are cold-blooded and may be slowed by cold attacks.


Message History

The black mamba barely misses you.
You feel sick.
The black mamba bites you but does no damage.
The komodo dragon bites you!
You feel sick. The black mamba barely misses you.
Casting: Searing Ray (safe; 1% risk of failure)
Confirm with . or Enter, or press ? or * to list all spells.
Aiming: Searing Ray (safe; 1% risk of failure)
Press: ? - help, Shift-Dir - straight line, f/p - komodo dragon
Aim: a komodo dragon (heavily wounded)
The searing ray hits the komodo dragon.
The komodo dragon is heavily wounded. (Press . to maintain the ray.)
The black mamba bites you! The komodo dragon bites you.
* * * LOW HITPOINT WARNING * * *
The black mamba bites you but does no damage.
The searing ray hits the komodo dragon!
The komodo dragon is almost dead.
You feel sick. The black mamba barely misses you. The komodo dragon bites you!!
You die...

..........##
...........#
..%........###
.............###
...............#
...............###
.................#
..........l......##
........#.S@......###
.......###..........##
....... ##....).....##
....... ##..........#
.......
##.........####
......# ###.........P#
...... #..........###
##...........#
####...........


You could see a komodo dragon and a black mamba.

Vanquished Creatures
  A two-headed ogre (D:10)
  7 spiny frogs
  5 komodo dragons
  A rime drake (Lair:2)
  2 trolls (D:9)
  A jumping spider (Lair:2)
  9 blink frogs
  2 hippogriffs
  A wyvern (Lair:2)
  A vampire (D:10)
  6 yaks (Lair:4)
  3 hungry ghosts
  4 basilisks
  6 vampire mosquitoes (Lair:3)
  9 water moccasins
  12 porcupines
  5 orc warriors
  A hornet zombie (D:10)
  A sky beast (D:10)
  6 black bears
  3 ice beasts
  11 ogres
  3 phantoms
  2 centaurs
  7 wolves
  8 crocodiles
  3 big kobolds
  10 bullfrogs
  6 gnoll sergeants
  A scorpion (D:5)
  3 killer bees (D:10)
  3 howler monkeys (D:8)
  2 bullfrog zombies
  2 crimson imps
  4 hounds
  A quasit (D:8)
  3 jellies
  8 orc wizards
  6 orc priests
  Crazy Yiuf (D:3)
  A centaur skeleton (D:4)
  Ijyb (D:3)
  Terence (D:2)
  An iguana (D:10)
  7 worker ants
  A hound zombie (D:7)
  A hound skeleton (D:8)
  2 howler monkey zombies
  Robin (D:3)
  19 gnolls
  13 adders
  A shadow imp (D:8)
  An ooze (D:5)
  An adder zombie (D:6)
  An adder skeleton (D:6)
  2 worms (D:2)
  3 dart slugs
  2 leopard geckos
  42 orcs
  4 ball pythons
  8 bats
  8 giant cockroaches
  8 hobgoblins
  6 jackals
  14 kobolds
  6 quokkas
  5 frilled lizards
  16 goblins
  A jackal skeleton (D:7)
  A leopard gecko skeleton (D:6)
  A quokka skeleton (D:4)
  7 rats
356 creatures vanquished.

Vanquished Creatures (others)
  13 fulminant prisms
  4 fungi (Lair:2)
  A plant (Lair:2)
18 creatures vanquished.

Grand Total: 374 creatures vanquished

Notes
Turn   | Place    | Note
-------+----------+-------------------------------------------
     0 | D:1      | DearestLeader the Draconian Conjurer began the quest for
                  | the Orb.
     0 | D:1      | Reached XP level 1. HP: 14/14 MP: 3/3
   262 | D:1      | Reached XP level 2. HP: 20/20 MP: 0/5
   862 | D:1      | Reached skill level 5 in Conjurations
   889 | D:1      | Reached XP level 3. HP: 23/26 MP: 1/6
   969 | D:1      | Learned a level 2 spell: Searing Ray
  1521 | D:2      | Noticed Terence
  1525 | D:2      | Killed Terence
  1525 | D:2      | Reached XP level 4. HP: 24/33 MP: 7/7
  1865 | D:2      | Reached skill level 6 in Conjurations
  1870 | D:2      | Reached XP level 5. HP: 38/38 MP: 8/8
  2329 | D:2      | Found a sacrificial altar of Ru.
  2596 | D:3      | Noticed Ijyb
  2599 | D:3      | Paralysed by Ijyb for 6 turns
  2606 | D:3      | Killed Ijyb
  2925 | D:3      | Reached XP level 6. HP: 42/45 MP: 9/9
  2931 | D:3      | Learned a level 4 spell: Fulminant Prism
  3067 | D:3      | Noticed Robin
  3079 | D:3      | Killed Robin
  3079 | D:3      | Reached skill level 7 in Conjurations
  3314 | D:3      | Found an opulent altar of Gozag.
  3429 | D:3      | Found a runed translucent door.
  3430 | D:3      | Noticed Crazy Yiuf
  3589 | D:3      | Found an iron altar of Okawaru.
  3780 | D:3      | Killed Crazy Yiuf
  4365 | D:4      | Your scales start taking on an icy white colour.
  4365 | D:4      | Reached XP level 7. HP: 42/50 MP: 10/10
  4365 | D:4      | Gained mutation: Your flesh is cold resistant. (rC+) [White
                  | Draconian growth]
  4462 | D:4      | Found a bloodstained altar of Trog.
  4471 | D:4      | Reached skill level 8 in Conjurations
  4676 | D:4      | Found a snail-covered altar of Cheibriados.
  4676 | D:4      | Found a radiant altar of Vehumet.
  4690 | D:4      | Found a basalt altar of Yredelemnul.
  4697 | D:4      | Became a worshipper of Vehumet
  4783 | D:4      | Found Siewiut's Antique Armour Shoppe.
  4871 | D:5      | Entered Level 5 of the Dungeon
  5528 | D:5      | Reached skill level 9 in Conjurations
  5528 | D:5      | Reached XP level 8. HP: 40/57 MP: 13/13
  5847 | D:5      | Found a shimmering blue altar of Sif Muna.
  5881 | D:5      | You fall into a shaft and drop 2 floors!
  6132 | D:6      | Reached * piety under Vehumet
  6132 | D:6      | Offered knowledge of Shock by Vehumet.
  6305 | D:6      | Reached skill level 10 in Conjurations
  6359 | D:6      | Found a staircase to the Ecumenical Temple.
  6497 | D:6      | Reached skill level 5 in Spellcasting
  7101 | D:7      | Reached skill level 11 in Conjurations
  7101 | D:7      | Reached XP level 9. HP: 56/62 MP: 16/16
  7215 | D:7      | Found Lebyjuant's Antique Weapon Shoppe.
  7554 | D:7      | Learned a level 3 spell: Mephitic Cloud
  7559 | D:7      | Learned a level 4 spell: Olgreb's Toxic Radiance
  7626 | D:8      | Reached skill level 1 in Poison Magic
  7829 | D:8      | Reached ** piety under Vehumet
  7829 | D:8      | Offered knowledge of Sandblast by Vehumet.
  9620 | D:9      | Found a white marble altar of Elyvilon.
  9979 | D:9      | Offered knowledge of Static Discharge by Vehumet.
 10048 | D:9      | Reached skill level 12 in Conjurations
 10048 | D:9      | Reached skill level 1 in Hexes
 10092 | D:9      | Noticed a troll
 10093 | D:9      | Reached skill level 5 in Poison Magic
 10105 | D:9      | Killed a troll
 10105 | D:9      | Reached *** piety under Vehumet
 10224 | D:9      | Reached XP level 10. HP: 69/69 MP: 17/17
 10589 | D:9      | Offered knowledge of Inner Flame by Vehumet.
 10641 | D:9      | Found a staircase to the Orcish Mines.
 10987 | D:10     | Entered Level 10 of the Dungeon
 11643 | D:10     | Reached skill level 13 in Conjurations
 11730 | D:10     | Reached **** piety under Vehumet
 11785 | D:10     | Noticed a two-headed ogre
 11801 | D:10     | Killed a two-headed ogre
 11868 | D:10     | Offered knowledge of Fireball by Vehumet.
 11875 | D:10     | Learned a level 5 spell: Fireball
 12029 | D:10     | Reached XP level 11. HP: 74/74 MP: 18/18
 12049 | D:10     | Reached skill level 1 in Fire Magic
 12528 | D:10     | Found a staircase to the Lair.
 12893 | Lair:1   | Entered Level 1 of the Lair of Beasts
 13501 | Lair:1   | Reached skill level 5 in Dodging
 14739 | Lair:2   | Reached skill level 14 in Conjurations
 14762 | Lair:2   | Found a hole to the Spider Nest.
 15276 | Lair:2   | Reached ***** piety under Vehumet
 15455 | Lair:2   | Found an ornate altar of the Wu Jian Council.
 16645 | Lair:3   | Reached XP level 12. HP: 81/81 MP: 22/22
 16678 | Lair:3   | Offered knowledge of Hailstorm by Vehumet.
 16702 | Lair:3   | Found a staircase to the Swamp.
 17315 | Lair:3   | Reached skill level 15 in Conjurations
 17323 | Lair:3   | Learned a level 6 spell: Freezing Cloud
 17400 | Lair:3   | Reached skill level 1 in Ice Magic
 17827 | Lair:4   | Slain by a komodo dragon

Illustrated notes

Levels and vault maps discovered:
D:1:      eino_arrival_water_star, layout_basic
D:2:      layout_basic, minmay_misc_feat_five, nicolae_ru_the_path_less_chosen,
          uniq_terence
D:3:      layout_basic, grunt_gozag_breadcrumbs, okawaru_gym_becter,
          first_ration, uniq_robin, uniq_crazy_yiuf_cottage, uniq_ijyb
D:4:      layout_rooms, chequers_temple_overflow_statue_of_worship,
          serial_shops, nicolae_shop_temple_entry_statues_fountains,
          trog_three_pillars_becter
D:5:      layout_basic, grunt_ministairs_10, lemuel_blue_sif_altar, uniq_pikel
D:6:      layout_basic, minmay_temple_entry_water_ring
D:7:      layout_loops_ring, serial_shops, shop
D:8:      layout_layer_cave, grunt_ogre_cave
D:9:      layout_roguey, kennysheep_orc_monster_closet_entryway, basic_altar,
          minmay_hedge_maze
D:10:     minmay_wavy_crystal, layout_grid_maze, minmay_lair_entry_grove,
          minivault_20
D:11:     layout_basic, amethyst_killhole, st_stairs_9
Lair:1:   layout_layer_cave
Lair:2:   layout_layer_cave, spider_nest_entry_rubble, basic_altar,
          infiniplex_staircase_pool_2, grunt_megastairs_2
Lair:3:   layout_regular_city, minmay_swamp_entry_swarm
Lair:4:   layout_hall_layers

Skill      XL: |  1  2  3  4  5  6  7  8  9 10 11 12 |
---------------+-------------------------------------+-----
Conjurations   | 5 6 7 9 11 12 13 14 15 | 15.1
Dodging        | 2 3 4 6 |  6.7
Spellcasting   | 3 5 6 7 |  7.2
Poison Magic   | 5 7 |  7.3
Hexes          | 1 3 |  3.0
Fire Magic     | 2 |  2.0
Ice Magic      | 2 |  2.5
Stealth        | |  1.7

Action                   |  1- 3 |  4- 6 |  7- 9 | 10-12 || total
-------------------------+-------+-------+-------+-------++-------
Melee: Unarmed           |     4 |       |       |       ||     4
       Dagger            |    31 |       |       |       ||    31
       Tailslap          |     4 |       |    11 |     2 ||    17
       Quarterstaff      |       |     7 |   131 |       ||   138
       Staff             |       |       |       |    14 ||    14
 Cast: Magic Dart        |    55 |   145 |    48 |   111 ||   359
       Searing Ray       |     3 |    24 |    48 |   132 ||   207
       Fulminant Prism   |       |       |       |    13 ||    13
       Mephitic Cloud    |       |       |       |     5 ||     5
       Olgreb's Toxic Ra |       |       |       |    11 ||    11
       Fireball          |       |       |       |     4 ||     4
       Freezing Cloud    |       |       |       |     1 ||     1
 Abil: Breathe Frost     |       |       |       |     2 ||     2
  Use: Scroll            |       |     3 |     8 |     7 ||    18
       Potion            |       |       |       |     4 ||     4
 Stab: Paralysed         |       |       |     2 |       ||     2
       Sleeping          |       |       |     1 |       ||     1
  Eat: Chunk             |     3 |    12 |    13 |    27 ||    55
       Ration            |       |       |     3 |     1 ||     4
Armor: Skin              |    13 |    15 |    63 |    70 ||   161
Dodge: Dodged            |    32 |    26 |   175 |   168 ||   401
